 Dungeon Crawl Stone Soup version 0.29.1-12-g30fa7ad0bf (webtiles) character file.

Game seed: 10196410680766786204

119 warriortoast the Shooter (level 4, -3/23 HPs)
             Began as a Spriggan Hunter on Dec 14, 2022.
             Was an Initiate of Fedhas.
             Killed from afar by an orc wizard (11 damage)
             ... with a puff of flame
             ... on level 3 of the Dungeon.
             The game lasted 00:03:59 (2494 turns).

warriortoast the Shooter (Spriggan Hunter)          Turns: 2494, Time: 00:04:00

Health: -3/23      AC:  2    Str:  7    XL:     4   Next: 73%
Magic:  5/5        EV: 19    Int: 16    God:    Fedhas [......]
Gold:   146        SH:  0    Dex: 20    Spells: 3/3 levels left

rFire   . . .      SeeInvis +   a - +0 shortbow
rCold   . . .      Faith    .   (shield currently unavailable)
rNeg    . . .      Spirit   .   c - +0 robe
rPois   .          Reflect  .   (helmet restricted)
rElec   .          Harm     .   (no cloak)
rCorr   .          Rampage  .   (gloves unavailable)
Will    .....                   (boots unavailable)
Stlth   +++.......              (no amulet)
HPRegen 0.07/turn               o - +6 ring of intelligence
MPRegen 0.09/turn               (no ring)

@: very quick
A: very small, no large weapons, unfitting armour, see invisible, speed 3
a: Renounce Religion


You were on level 3 of the Dungeon.
You worshipped Fedhas.
Fedhas was noncommittal.
You visited 1 branch of the dungeon, and saw 3 of its levels.

You collected 146 gold pieces.

Inventory:

Hand Weapons
 a - a +0 shortbow (weapon)
Armour
 c - a +0 robe (worn)
Jewellery
 o - a +6 ring of intelligence (left hand)
Scrolls
 b - a scroll of immolation
 e - 5 scrolls of identify {unknown}
 i - a scroll of summoning {unknown}
 j - a scroll of magic mapping {unknown}
 k - a scroll of vulnerability {unknown}
 l - a scroll of enchant weapon {unknown}
 n - a scroll of fear {unknown}
 r - 2 scrolls of teleportation {unknown}
 t - a scroll of torment {unknown}
 u - a scroll of amnesia {unknown}
Potions
 d - 2 potions of degeneration {unknown}
 f - 2 potions of cancellation {unknown}
 g - a potion of might {unknown}
 h - a potion of flight {unknown}
 m - a potion of curing {unknown}
 p - a potion of brilliance {unknown}
 q - a potion of invisibility {unknown}
 s - 2 potions of attraction {unknown}


   Skills:
 + Level 2.4 Fighting
 + Level 4.6 Ranged Weapons
 + Level 4.1 Dodging
 + Level 3.8 Stealth


You had 3 spell levels left.
You didn't know any spells.
Your spell library contained the following spells:

 Spells                   Type           Power      Damage    Failure   Level
 Magic Dart               Conj           0%         1d3       26%         1
 Call Imp                 Summ           0%         N/A       36%         2
 Dazzling Flash           Conj/Hex       0%         N/A       58%         3
 Mephitic Cloud           Conj/Pois/Air  0%         N/A       58%         3
 Stone Arrow              Conj/Erth      0%         3d7       58%         3
 Animate Armour           Summ/Erth      0%         N/A       94%         4
 Agony                    Necr           0%         N/A       100%        5
 Silence                  Hex/Air        0%         N/A       100%        5
 Lehudib's Crystal Spear  Conj/Erth      0%         10d2      100%        8


Dungeon Overview and Level Annotations

Branches:
Dungeon (3/15)

Altars:
Fedhas
Okawaru

Annotations:
D:3 2 transporters, qwert's ghost, amateur SpBr


Innate Abilities, Weirdness & Mutations

You are very small and have problems with some larger weapons.
You are too small for most types of armour.
You have supernaturally acute eyesight. (SInv)
You cover ground extremely quickly. (Speed+++)


Message History

There is a stone staircase leading up here.
The ogre shouts!
Qwert's ghost turns its malevolent gaze towards you.
Found a transporter.
The ogre shouts!
You see here a +0 helmet.
You shoot an arrow. The arrow barely misses the orc wizard.
The orc wizard shouts!
You shoot an arrow. The arrow hits the orc wizard.
The orc wizard is moderately wounded.
The orc wizard hits you with a +0 dagger.
You shoot an arrow. The arrow hits the orc wizard.
The orc wizard is moderately wounded.
The orc wizard hits you with a +0 dagger.
You shoot an arrow.
The arrow closely misses the orc wizard.
The orc wizard misses you.
The orc wizard hits you with a +0 dagger.
You shoot an arrow.
The arrow closely misses the orc wizard.
The orc wizard hits you with a +0 dagger.
You shoot an arrow. The arrow misses the orc wizard.
The orc wizard completely misses you.
You shoot an arrow. The arrow hits the orc wizard!
The orc wizard is almost dead.
The orc wizard hits you with a +0 dagger.
You shoot an arrow.
The arrow hits the orc wizard but does no damage.
The orc wizard is almost dead.
The orc wizard hits you with a +0 dagger. x2
You are too injured to fight recklessly!
You are too injured to fight recklessly!
You are too injured to fight recklessly!
You are too injured to fight recklessly!
The orc wizard gestures wildly while chanting.
The orc wizard flickers and vanishes for a moment.
The orc wizard gestures at you while chanting.
The puff of flame hits you!
You die...
Fedhas appreciates your contribution to the ecosystem.

...........#....OOW...$#.....†###
..##.......#############..##.....
.###.#...#......©.©.......###..#.
........##................# ##.#.
.####...........#.........## #...
########............[......# ###.
(<.#####..................## ##
...##.....................# #
...##....##.....@...>.....# #
..o##.....#.....#.........#######
........_.......##.###...........
...o..#.....##.###.# ##.#######..
###...##..o.##.# #.## #.# #..
#.........##.# #..###.#######..
#......##########.....#........
#......#####..........).#####.<
#:..........##########.## #..


You could see an orc wizard (invisible).

Vanquished Creatures
  4 adders
  3 worms
  A dart slug (D:1)
  2 orcs
  5 endoplasms
  3 giant cockroaches
  5 goblins
  5 hobgoblins
  8 jackals
  6 kobolds
  2 quokkas
  5 ball pythons
  3 bats
  4 frilled lizards (D:1)
  10 rats
66 creatures vanquished.

Vanquished Creatures (others)
  9 plants (D:3)
9 creatures vanquished.

Grand Total: 75 creatures vanquished

Notes
Turn   | Place    | Note
-------+----------+-------------------------------------------
     0 | D:1      | warriortoast the Spriggan Hunter began the quest for the
                  | Orb.
     0 | D:1      | Reached XP level 1. HP: 10/10 MP: 2/2
    31 | D:1      | Reached XP level 2. HP: 14/15 MP: 3/3
   373 | D:1      | Reached XP level 3. HP: 18/18 MP: 4/4
   977 | D:2      | You fall into a shaft and drop 1 floor!
  1080 | D:2      | Reached XP level 4. HP: 23/23 MP: 5/5
  1392 | D:3      | Found a blossoming altar of Fedhas.
  1420 | D:3      | Became a worshipper of Fedhas Madash
  1440 | D:3      | Found an iron altar of Okawaru.
  1515 | D:3      | Found a transporter.
  1547 | D:3      | Noticed a floating eye
  1551 | D:3      | Noticed a great orb of eyes
  1553 | D:3      | Found a faded altar of an unknown god.
  1555 | D:3      | Noticed a great orb of eyes
  1555 | D:3      | Noticed a floating eye
  2456 | D:3      | Noticed qwert's ghost (amateur SpBr)
  2456 | D:3      | Noticed an ogre
  2456 | D:3      | Noticed an ogre
  2457 | D:3      | Found a transporter.
  2494 | D:3      | Killed from afar by an orc wizard

Illustrated notes

Levels and vault maps discovered:
D:1:      erik_arrival_cave_to_civilisation [erik_arrival_cave_to_hall],
          layout_loops_ring
D:2:      layout_rooms
D:3:      layout_rooms, nicolae_overflow_crystal_walls,
          mainiacjoe_overflow_chevrons, marbit_many_paths,
          hellmonk_ecumenical_altar_watching_god, gammafunk_ghost_smash,
          minmay_misc_feat_secret_circle

Skill      XL: |  1  2  3  4 |
---------------+-------------+-----
Stealth        | 2 3 |  3.8
Dodging        | 3 4 |  4.1
Fighting       | 2 |  2.4
Ranged Weapons | |  4.6

Action                   |  1- 3 |  4- 6 || total
-------------------------+-------+-------++-------
 Fire: Shortbow          |    91 |    82 ||   173
Armor: Robe              |     4 |     2 ||     6
Dodge: Dodged            |    17 |    29 ||    46
